 Dungeon Crawl Stone Soup version 0.15.0-14-g6bbbb5c (console) character file.

68 gw the Insei (level 4, -1/40 HPs)
             Began as a Draconian Monk on Sept 3, 2014.
             Was a Believer of Makhleb.
             Slain by gw's ghost (3 damage)
             ... on Level 3 of the Dungeon.
             The game lasted 00:01:03 (2314 turns).

gw the Insei (Draconian Monk)                       Turns: 2314, Time: 00:01:03

HP  -1/40        AC  6     Str 14      XL: 4   Next:  1%
MP   4/4         EV 13     Int 10      God: Makhleb [**....]
Gold 0           SH  0     Dex 14      Spells:  0 memorised,  3 levels left

rFire  + . .     SeeInvis .       - Unarmed
rCold  + . .     Clarity  .     (armour unavailable)
rNeg   . . .     rCorr    +     (no shield)
rPois  +         rRot     .     (helmet restricted)
rElec  +         Spirit   .     c - +0 cloak
SustAb .         Warding  .     (no gloves)
rMut   .         Stasis   .     (no boots)
Gourm  .                        (no amulet)
MR     .....                    (no ring)
                                (no ring)

@: resistant, not resistant to hostile enchantments, unstealthy
A: unfitting armour, cold-blooded, AC +5
a: Minor Destruction, Renounce Religion


You were on level 3 of the Dungeon.
You worshipped Makhleb.
Makhleb was pleased with you.
You were not hungry.

You visited 1 branch of the dungeon, and saw 3 of its levels.

Inventory:

Missiles
 a - 78 stones (quivered)
Armour
 c - a +0 cloak (worn)
Comestibles
 b - 2 bread rations
 f - a slice of pizza
 h - a royal jelly
Scrolls
 d - a scroll of identify
 g - a scroll of remove curse


   Skills:
 + Level 3.8 Fighting
 + Level 1.0 Throwing
 + Level 3.0 Dodging
 - Level 1.7 Stealth
 * Level 4.8 Unarmed Combat
 + Level 0.0 Invocations


You had 3 spell levels left.
You didn't know any spells.

Dungeon Overview and Level Annotations

Branches:
Dungeon (3/15)

Altars:
Cheibriados
Makhleb
Nemelex Xobeh
The Shining One

Annotations:
D:3 gw's ghost, average DrMo


Innate Abilities, Weirdness & Mutations

Your plain brown scales are hard (AC +5).
Your body does not fit into most forms of armour.
Your cold-blooded metabolism reacts poorly to cold.


Message History

You barely miss gw's ghost.
Gw's ghost is heavily damaged.
Gw's ghost misses you. The rat closely misses you.
FLEEEEING!
ATTACKING (0,-1)
You hit gw's ghost but do no damage.
Your tail-slap misses gw's ghost.
Gw's ghost is heavily damaged.
Gw's ghost hits you. The rat barely misses you.
FLEEEEING!
ATTACKING (0,-1)
You closely miss gw's ghost. You punch gw's ghost, but do no damage.
Gw's ghost is heavily damaged.
Gw's ghost hits you. The rat bites you but does no damage.
FLEEEEING!
ATTACKING (0,-1)
You miss gw's ghost.
Your tail-slap misses gw's ghost.
Gw's ghost is heavily damaged.
Gw's ghost whispers, "It is all a dream - a grotesque and foolish dream."
Gw's ghost hits you.
You die...

#.# #.#
#.# #.#
#.# #.#
#.# #
#W#
#.#d#
#.#r###
#.....#
#.#.#.#
#.#<..#
# #.###
...
.#.##
#.#.#


You could see gw's ghost and a rat.

Table legend:
 A = Turns spent in this place as a percentage of turns spent in the entire game.
 B = Non-inter-level travel turns spent in this place as a percentage of non-inter-level travel turns spent in the entire game.
 C = Inter-level travel turns spent in this place as a percentage of turns spent in this place.
 D = Turns resting spent in this place as a percentage of non-inter-level travel turns spent in this place.
 E = Turns spent auto-exploring this place as a percentage of non-inter-level travel turns spent in this place.
 F = Non-inter-level travel turns spent in this place divided by the number of levels of this place that you've seen.
                   A       B       C       D       E      F
               +-------+-------+-------+-------+-------+----------------------
         Total | 100.0 | 100.0 |   0.9 |   5.3 |  17.2 | 181.7
       Dungeon | 100.0 | 100.0 |   0.9 |   5.3 |  17.2 | 181.7
               +-------+-------+-------+-------+-------+----------------------

Table legend:
 A = Kills in this place as a percentage of kills in entire the game.
 B = Kills by you in this place as a percentage of kills by you in the entire game.
 C = Kills by friends in this place as a percentage of kills by friends in the entire game.
 D = Other kills in this place as a percentage of other kills in the entire game.
 E = Experience gained in this place as a percentage of experience gained in the entire game.
 F = Experience gained in this place divided by the number of levels of this place that you have seen.
                   A       B       C       D       E      F
               +-------+-------+-------+-------+-------+----------------------
         Total | 100.0 | 100.0 |  -nan |  -nan | 100.0 |  32.7
       Dungeon | 100.0 | 100.0 |  -nan |  -nan | 100.0 |  32.7
               +-------+-------+-------+-------+-------+----------------------

Vanquished Creatures
  An adder (D:2)
  2 worms (D:2)
  A giant gecko (D:2)
  An ooze (D:1)
  14 bats
  A giant cockroach (D:2)
  8 hobgoblins
  6 kobolds
  4 goblins
  4 jackals (D:1)
  4 rats
46 creatures vanquished.

Notes
Turn   | Place    | Note
--------------------------------------------------------------
     0 | D:1      | gw, the Draconian Monk, began the quest for the Orb.
     0 | D:1      | Reached XP level 1. HP: 19/19 MP: 1/1
   214 | D:1      | Reached XP level 2. HP: 26/26 MP: 2/2
   851 | D:1      | Reached XP level 3. HP: 31/31 MP: 3/3
  1349 | D:2      | Reached skill level 1 in Throwing
  1637 | D:2      | Found a snail-covered altar of Cheibriados.
  2009 | D:2      | Found a glowing golden altar of the Shining One.
  2095 | D:2      | Found a burning altar of Makhleb.
  2099 | D:2      | Became a worshipper of Makhleb the Destroyer
  2099 | D:2      | Acquired Makhleb's first power
  2099 | D:2      | Acquired Makhleb's second power
  2169 | D:2      | Found a sparkling altar of Nemelex Xobeh.
  2229 | D:2      | Reached XP level 4. HP: 40/40 MP: 4/4
  2285 | D:3      | Noticed gw's ghost (average DrMo)
  2313 | D:3      | HP: 2/40 [gw's ghost (2)]
  2314 | D:3      | Slain by gw's ghost

Action                   |  1- 3 |  4- 6 || total
-------------------------+-------+-------++-------
Melee: Unarmed           |   126 |    23 ||   149
Throw: Stone             |   108 |       ||   108
  Use: Potion            |     2 |     3 ||     5
       Scroll            |     2 |       ||     2
  Eat: Bread ration      |     1 |       ||     1

Vault maps used:
D:1:      dpeg_arrival_connections
D:2:      nicolae_overflow_quartered_altars, st_stairs_3, nrook_loot_triangle
D:3:      forest_paths
